 Dungeon Sprint DCSS version 0.31.0-1-g2c135a0 (webtiles) character file.

Game seed: 8373019206210669966

23 PurpleRed the Conjurer (level 2, 0/15 HPs)
             Began as a Deep Elf Conjurer on Mar 28, 2024.
             Was a Believer of Sif Muna.
             Killed by divine providence
             ... invoked by an orc priest
              (15 damage)
             ... in the Dungeon (Sprint VII: "The Pits").
             The game lasted 00:01:34 (325 turns).

PurpleRed the Conjurer (Deep Elf Conjurer)           Turns: 325, Time: 00:01:35

Health: 0/15       AC:  2    Str:  4    XL:     2   Next: 72%
Magic:  5/10       EV: 12    Int: 22    God:    Sif Muna [**....]
Gold:   0          SH:  0    Dex: 13    Spells: 8/11 levels left

rFire   . . .        h - +2 dagger
rCold   . . .        (no shield)
rNeg    . . .        a - +0 robe
rPois   .            (no helmet)
rElec   .            (no cloak)
rCorr   .            (no gloves)
SInv    .            (no boots)
Will    .....        (no amulet)
Stlth   ++           (no ring)
HPRegen 0.22/turn    (no ring)
MPRegen 0.12/turn

%: no teleportation
@: no status effects
A: no striking features
a: Renounce Religion, Channel Magic


You were in the Dungeon.
You worshipped Sif Muna.
Sif Muna was pleased with you.
You visited 1 branch

Inventory:

Hand Weapons
 h - a +2 dagger (weapon)
Armour
 a - a +0 robe (worn)
Scrolls
 g - a scroll of blinking
 j - 2 scrolls of vulnerability
 k - 5 scrolls of amnesia
 l - a scroll of butterflies
Potions
 b - 5 potions of magic
 c - a potion of curing
 d - a potion of heal wounds
 e - a potion of haste
 f - 3 potions of berserk rage
 i - 2 potions of invisibility


   Skills:
 - Level 2.4 Dodging
 - Level 2.4 Stealth
 + Level 5.1 Spellcasting
 * Level 6.6 Conjurations


You had 8 spell levels left.
You knew the following spells:

 Your Spells              Type           Power      Damage    Failure   Level
a - Magic Dart            Conj           100%       1d8       1%          1
b - Searing Ray           Conj           70%        2d7       1%          2

Your spell library contained the following spells:

 Spells                   Type           Power      Damage    Failure   Level
 Fulminant Prism          Conj/Alch      10%        3d8       26%         4
 Iskenderun's Mystic Bla  Conj/Tloc      20%        2d6       26%         4


Dungeon Overview and Level Annotations

Branches:
Dungeon (1/1)

Altars:
Ashenzari
Cheibriados
Dithmenos
Elyvilon
Fedhas
Gozag
Hepliaklqana
Kikubaaqudgha
Makhleb
Nemelex Xobeh
Okawaru
Qazlal
Ru
Sif Muna
Trog
Uskayaw
Vehumet
Wu Jian
Xom
Yredelemnul
Zin
The Shining One
Jiyva
Lugonu


Message History

Things that are here:
a +0 short sword; a kobold corpse
There is an open door here.
There is an open door here.
You open the door.
An adder skeleton and 2 orcs come into view.
There is an open door here.
Casting: Searing Ray (safe; 1% risk of failure)
Confirm with . or Enter, or press ? or * to list all spells.
Aiming: Magic Dart (safe; 1% risk of failure)
Press: ? - help, Shift-Dir - straight line, f - orc
Aim: an orc, wielding a +0 dagger (asleep, 100% to hit)
The magic dart hits the orc.
The orc is moderately wounded.
The orc shouts!
You hear a shout!
Casting: Magic Dart (safe; 1% risk of failure)
Confirm with . or Enter, or press ? or * to list all spells.
Aiming: Searing Ray (safe; 1% risk of failure)
Press: ? - help, Shift-Dir - straight line, f/p - orc
Aim: an orc, wielding a +0 dagger (moderately wounded, 81% to hit)
The searing ray misses the orc.
The searing ray hits the orc!
You kill the orc!
Sif Muna accepts your kill. (Press . to maintain the ray.)
The searing ray hits the orc.
The orc is severely wounded.
The searing ray hits the adder skeleton.
The adder skeleton is heavily damaged.
An orc priest comes into view. It is wielding a +0 flail.
The searing ray hits the orc!
You kill the orc!
Sif Muna accepts your kill.
The searing ray hits the adder skeleton!
The adder skeleton is almost destroyed.
The searing ray hits the orc priest!
The orc priest is heavily wounded.
The orc priest invokes the aid of Beogh against you.
Beogh smites you!
Ouch! That really hurt!
You die...

_______...##########
##########'##........
#..(.')))'.##......#.
##########.##........
#.......)...)........
+#####'#####......#.
#..#..# #........
#..'.†# ####'####
#.@#### #.......#
#.)# #.......# #.Z#
#.......# ##'#
#...<...#
#..o.oZ..##.......#
#....o...##.......#
###########.......#
#########


You could see an orc priest and an adder skeleton.

Vanquished Creatures
  A gnoll (D)
  An adder skeleton (D)
  An adder zombie (D)
  2 orcs (D)
  A giant cockroach (D)
  A kobold (D)
  A quokka (D)
8 creatures vanquished.

Notes
Turn   | Place    | Note
-------+----------+-------------------------------------------
     0 | D        | PurpleRed the Deep Elf Conjurer began the quest for the
                  | Orb.
     0 | D        | Reached XP level 1. HP: 10/10 MP: 6/6
    15 | D        | Reached skill level 5 in Conjurations
    95 | D        | Found a glowing golden altar of the Shining One.
    95 | D        | Found a glowing silver altar of Zin.
    95 | D        | Found a basalt altar of Yredelemnul.
    95 | D        | Found a shimmering altar of Xom.
    95 | D        | Found an ornate altar of the Wu Jian Council.
    95 | D        | Found a bloodstained altar of Trog.
    95 | D        | Found a shimmering blue altar of Sif Muna.
    95 | D        | Found a sacrificial altar of Ru.
    95 | D        | Found a stormy altar of Qazlal.
    95 | D        | Found an iron altar of Okawaru.
    95 | D        | Found a sparkling altar of Nemelex Xobeh.
    95 | D        | Found a burning altar of Makhleb.
    95 | D        | Found a viscous altar of Jiyva.
    95 | D        | Found a hazy altar of Hepliaklqana.
    95 | D        | Found an opulent altar of Gozag.
    95 | D        | Found a blossoming altar of Fedhas.
    95 | D        | Found a white marble altar of Elyvilon.
    95 | D        | Found a shadowy altar of Dithmenos.
    95 | D        | Found a snail-covered altar of Cheibriados.
    96 | D        | Found a radiant altar of Vehumet.
    96 | D        | Found a corrupted altar of Lugonu.
    97 | D        | Found an ancient bone altar of Kikubaaqudgha.
    97 | D        | Found a hide-covered altar of Uskayaw.
    97 | D        | Found a broken altar of Ashenzari.
    98 | D        | Became a worshipper of Sif Muna the Loreminder
   174 | D        | Reached * piety under Sif Muna
   175 | D        | Reached XP level 2. HP: 15/15 MP: 5/9
   178 | D        | Learned a level 2 spell: Searing Ray
   254 | D        | Reached skill level 5 in Spellcasting
   254 | D        | Reached skill level 6 in Conjurations
   323 | D        | Reached ** piety under Sif Muna
   325 | D        | Killed from afar by an orc priest

Illustrated notes

Levels and vault maps discovered:
D:        pitsprint [storerooms_1, entrance_room_1, metal_vault_1, armoury_1,
          mini_pit_1, grid_room_1, main_hall_1, silver_pit, the_coven_2,
          the_vestibule_1, steel_vault_3, golden_pit, hallway_of_sentries,
          crystal_vault_4, iron_vault_4, final_vault]

Skill      XL: |  1  2 |
---------------+-------+-----
Conjurations   | 5 6 |  6.6
Spellcasting   | 4 5 |  5.1
Dodging        | |  2.4
Stealth        | |  2.4

Action                     || total
---------------------------++-------
  Melee: Dagger            ||     3
   Cast: Magic Dart        ||    16
         Searing Ray       ||     2
 Armour: Robe              ||     5
  Dodge: Dodged            ||     7
